 Dungeon Crawl Stone Soup version 0.31.0-7-gf635a9b802 (webtiles) character file.

Game seed: 23904048052788212

2797 Aneyh the Fighter (level 9, -8/64 HPs)
             Began as a Tengu Monk on Jan 24, 2024.
             Was a Priest of Ru.
             Mangled by an orc warrior
             ... wielding a +3 war axe
              (13 damage)
             ... in a bailey.
             The game lasted 00:24:31 (7230 turns).

Aneyh the Fighter (Tengu Monk)                      Turns: 7230, Time: 00:24:31

Health: -8/64      AC: 10    Str: 16    XL:     9   Next: 71%
Magic:  10/10      EV: 31    Int: 17    God:    Ru [***...]
Gold:   555        SH:  4    Dex: 16    Spells: 8/8 levels left

rFire   + . .        a - +6 flail (pain)
rCold   + . .        (shield unavailable)
rNeg    . . .        g - +1 swamp dragon scales
rPois   +            (helmet restricted)
rElec   +            f - scarf {repulsion}
rCorr   +            (no gloves)
SInv    .            (boots unavailable)
Will    .....        u - amulet of magic regeneration
Stlth   +            (ring unavailable)
HPRegen 0.00/turn    o - +6 ring of intelligence
MPRegen 0.52/turn

%: repel missiles, acrobat
@: resistant, acrobatic, flying, inhibited regen, hasted, very quick
A: beak, talons 3, missing a hand, evasive flight, no forms, acrobatic,
iridescent scales 1, large bone plates 1, inhibited regeneration
a: Renounce Religion, Draw Out Power


You were in a bailey.
You worshipped Ru.
Ru was most pleased with you.
You visited 2 branches of the dungeon, and saw 8 of its levels.
You also visited: Bailey.

You collected 555 gold pieces.

Inventory:

Hand Weapons
 a - a +6 flail of pain (weapon)
 b - a +0 broad axe
 c - a +0 long sword
 d - a +2 spear of venom
 n - a +0 war axe
 r - a +0 falchion
 y - a +0 rapier
 D - a +0 mace
 I - a +0 spear
 J - a +2 whip of venom
 K - a +0 trident
Missiles
 h - 18 boomerangs
 p - 4 javelins (quivered)
 E - 6 silver javelins
 G - 22 poisoned darts
Armour
 f - a scarf of repulsion (worn)
 g - +1 swamp dragon scales (worn)
 i - a +1 plate armour of fire resistance
 z - a +0 scale mail of cold resistance
 A - a +0 robe
Jewellery
 o - a +6 ring of intelligence (right hand)
 u - an amulet of magic regeneration (around neck)
 x - a ring of fire
 F - a +6 ring of intelligence
Wands
 q - a wand of digging (1)
Scrolls
 k - 2 scrolls of immolation
 w - a scroll of poison
 B - 2 scrolls of silence
 L - 2 scrolls of fog
 M - a scroll of fear
Potions
 v - a potion of brilliance
 C - a potion of enlightenment


   Skills:
 * Level 11.1 Fighting
 + Level 4.2(6.1) Axes
 - Level 6.9(7.5) Maces & Flails
 - Level 3.0 Armour
 - Level 3.2 Dodging


You had 8 spell levels left.
You didn't know any spells.
Your spell library contained the following spells:

 Spells                   Type           Power      Damage    Failure   Level
 Inner Flame              Hex/Fire       0%         N/A       78%         3
 Fireball                 Conj/Fire      0%         3d3       100%        5
 Ignition                 Fire           0%         3d3       100%        8


Dungeon Overview and Level Annotations

Branches:
Dungeon (7/15)             Temple (1/1) D:7          Bailey (1/1)

Altars:
Cheibriados
Dithmenos
Elyvilon
Fedhas
Gozag
Makhleb
Nemelex Xobeh
Okawaru
Qazlal
Ru
Sif Muna
Trog
Uskayaw
Vehumet
Wu Jian
Xom
Yredelemnul
Zin
The Shining One

Shops:
D:7 [

Annotations:
D:4 Eustachio
D:6 2 runed translucent doors, Sweeb's ghost, novice DsFi


Innate Abilities, Weirdness & Mutations

You have a beak for a mouth.
You have claws for feet.
You are missing a hand.
Your magical flight helps you evade attacks. (EV +4)
You cannot voluntarily change form.
You can magically evade attacks while moving or waiting.
You are partially covered in iridescent scales. (AC +2)
You are partially covered in large bone plates. (SH +4)
You do not regenerate when monsters are visible.


Message History

You are flying.
Your actions are hasted.
Your flying speed is very quick.
Your attack delay is about 0.9.
Your damage rating with your +0 broad axe is about 19 (Base 13 x 115% (Str) x 132% (Skill)).
Your base attributes are Str 16, Int 11, Dex 16.
You hit the orc warrior. Your kick misses the orc warrior.
The orc warrior is moderately wounded.
The orc warrior closely misses you.
You completely miss the orc warrior. Your kick misses the orc warrior.
The orc warrior is moderately wounded.
The orc warrior hits you with a +3 war axe.
* * * LOW HITPOINT WARNING * * *
You have a feeling of ineptitude.
a - a +6 flail of pain (weapon)
You hit the orc warrior but do no damage.
You peck the orc warrior, but do no damage.
The orc warrior is moderately wounded.
The orc warrior hits you with a +3 war axe!
* * * LOW HITPOINT WARNING * * *
Okay, then.
It was a potion of curing.
You feel better.
The orc warrior hits you with a +3 war axe!
* * * LOW HITPOINT WARNING * * *
It was a potion of resistance.
You feel protected.
It was a potion of mutation.
You feel extremely strange.
Your regeneration stops near monsters.
Iridescent scales grow over part of your body.
Large bone plates grow over parts of your arms.
The orc warrior misses you.
You sock the orc warrior! Your kick misses the orc warrior.
Your peck misses the orc warrior.
The orc warrior is heavily wounded.
The orc warrior barely misses you.
You closely miss the orc warrior.
The orc warrior is heavily wounded.
The orc warrior attacks as it pursues you!
The orc warrior is stunned by your conviction and fails to attack.
The orc warrior attacks as it pursues you!
The orc warrior hits you with a +3 war axe!
You die...

##~~.......~~###
..~~....†..~~....#
##~~.......~~###.#
..~~.......~~....#
##~~.......~~###.#
..~~.......~~....#
##~~.......~~###.#
..~~.......~~K...#
##~~.......~~###@#
..~~...(...~oK.o.#
##~~.......~~#####
##~.......~##
####[''####
##.(...##
#∩.....∩#
#...8.o.#
##..().##


You could see 2 orc warriors and 2 kobold brigands.

Vanquished Creatures
  Sigmund (D:4)
  Edmund (D:6)
  Menkaure (D:5)
  A water moccasin (D:5)
  3 sky beasts (D:6)
  3 orc warriors
  An ogre (D:6)
  6 kobold brigands
  A bullfrog (D:5)
  2 gnoll sergeants
  4 scorpions
  2 bombardier beetles
  5 hounds
  4 jellies
  An orc priest (D:5)
  2 iguanas
  3 orc wizards
  11 gnolls
  9 adders
  2 white imps
  4 ufetubi
  2 ribbon worms
  3 dart slugs
  17 orcs
  6 bats
  5 endoplasms
  A giant cockroach (D:3)
  7 hobgoblins
  16 kobolds
  3 quokkas
  9 ball pythons
  3 frilled lizards
  5 goblins
  4 rats
148 creatures vanquished.

Vanquished Creatures (others)
  A jelly (D:5)
1 creature vanquished.

Grand Total: 149 creatures vanquished

Notes
Turn   | Place    | Note
-------+----------+-------------------------------------------
     0 | D:1      | Aneyh the Tengu Monk began the quest for the Orb.
     0 | D:1      | Reached XP level 1. HP: 14/14 MP: 2/2
   225 | D:1      | Reached XP level 2. HP: 18/19 MP: 3/3
   474 | D:1      | Reached XP level 3. HP: 22/23 MP: 4/4
  1164 | D:2      | Reached skill level 5 in Maces & Flails
  1204 | D:2      | Reached XP level 4. HP: 14/28 MP: 5/5
  1739 | D:3      | Reached skill level 1 in Armour
  1739 | D:3      | Reached XP level 5. HP: 19/32 MP: 6/6
  2175 | D:3      | Found a stormy altar of Qazlal.
  2177 | D:3      | Found a sacrificial altar of Ru.
  2178 | D:3      | Found a shadowy altar of Dithmenos.
  2196 | D:3      | Became a worshipper of Ru the Awakened
  2199 | D:3      | Gained mutation: You cannot voluntarily change form. [Ru
                  | sacrifice]
  2564 | D:4      | Found a hide-covered altar of Uskayaw.
  2606 | D:4      | Noticed Sigmund
  2670 | D:4      | Killed Sigmund
  2671 | D:4      | Reached skill level 4 in Fighting
  2671 | D:4      | Reached XP level 6. HP: 31/38 MP: 7/7
  3008 | D:4      | Noticed Eustachio
  3082 | D:5      | Entered Level 5 of the Dungeon
  3229 | D:5      | Gained mutation: Your magical flight helps you evade
                  | attacks. (EV +4) [Tengu growth]
  3229 | D:5      | Reached XP level 7. HP: 41/44 MP: 8/8
  3411 | D:5      | Noticed Menkaure
  3423 | D:5      | Killed Menkaure
  3424 | D:5      | Reached skill level 5 in Fighting
  3576 | D:5      | Got the Parchment of the Coals
  3666 | D:5      | Found a glowing silver altar of Zin.
  3757 | D:5      | Reached skill level 6 in Fighting
  3757 | D:5      | Reached skill level 1 in Axes
  4040 | D:5      | Found a basalt altar of Yredelemnul.
  4212 | D:5      | Found an opulent altar of Gozag.
  4259 | D:5      | Found a glowing golden altar of the Shining One.
  4261 | D:5      | Noticed an angel
  4294 | D:5      | Reached XP level 8. HP: 52/52 MP: 9/9
  4298 | D:6      | Noticed Edmund
  4298 | D:6      | Found a runed translucent door.
  4312 | D:6      | Killed Edmund
  4429 | D:5      | Reached skill level 7 in Fighting
  4956 | D:5      | Reached skill level 8 in Fighting
  5327 | D:6      | Noticed Sweeb's ghost (novice DsFi)
  5612 | D:6      | Found a white marble altar of Elyvilon.
  5714 | D:6      | Reached skill level 9 in Fighting
  5816 | D:6      | Found a runed translucent door.
  5854 | D:6      | Reached XP level 9. HP: 60/60 MP: 10/10
  6294 | D:7      | Found Echoc's Armour Shop.
  6333 | D:7      | Gained mutation: You are missing a hand. [Ru sacrifice]
  6333 | D:7      | Reached * piety under Ru
  6333 | D:7      | Reached ** piety under Ru
  6333 | D:7      | Reached *** piety under Ru
  6380 | D:7      | Found a staircase to the Ecumenical Temple.
  6393 | D:7      | Reached skill level 10 in Fighting
  6414 | Temple   | Entered the Ecumenical Temple
  6867 | D:7      | Found a flagged portal.
  6876 | Bailey   | Entered a bailey
  7126 | Bailey   | Reached skill level 11 in Fighting
  7226 | Bailey   | Gained mutation: You do not regenerate when monsters are
                  | visible. [potion of mutation]
  7226 | Bailey   | Gained mutation: You are partially covered in iridescent
                  | scales. (AC +2) [potion of mutation]
  7226 | Bailey   | Gained mutation: You are partially covered in large bone
                  | plates. (SH +4) [potion of mutation]
  7230 | Bailey   | Mangled by an orc warrior

Illustrated notes

Levels and vault maps discovered:
D:1:      dpeg_arrival_water_fire, layout_basic, minmay_hexomino_c4
D:2:      layout_basic, minmay_misc_feat_enclosed, minmay_hedge_maze
D:3:      layout_rooms, grunt_temple_overflow_open, dreamdust_princess_corridor
D:4:      layout_basic, eat_drink_and_be_merry_uskayaw, uniq_eustachio,
          uniq_sigmund
D:5:      layout_loops_ring, grunt_temple_overflow_holy_war,
          pdpol_temple_overflow_zin_treasury_gozag_greed, uniq_menkaure
D:6:      layout_basic, elyvilon_altar_1, ebering_ghost_sewer_f, uniq_edmund
D:7:      layout_cave_pools, minmay_temple_entry_junction, serial_shops, shop,
          enter_bailey_2
Temple:   eino_wide_crystal_templ
Bailey:   bailey_axe_3, bailey

Skill      XL: |  1  2  3  4  5  6  7  8  9 |
---------------+----------------------------+-----
Maces & Flails | 4 5 6 |  6.9
Armour         | 1 2 3 |  3.0
Fighting       | 4 6 9 11 | 11.1
Axes           | 1 3 4 |  4.2
Dodging        | |  3.2

Action                     |  1- 3 |  4- 6 |  7- 9 || total
---------------------------+-------+-------+-------++-------
  Melee: Mace              |   153 |   121 |       ||   274
         Peck              |    31 |    20 |    54 ||   105
         Kick              |    63 |    37 |    78 ||   178
         Punch             |     1 |     3 |       ||     4
         War axe           |       |     4 |    57 ||    61
         Whip              |       |       |    78 ||    78
         Flail             |       |       |    96 ||    96
         Broad axe         |       |       |     9 ||     9
   Fire: Arbalest          |       |     5 |    46 ||    51
         Sling             |       |     2 |       ||     2
  Throw: Javelin           |       |       |    13 ||    13
 Invoke: Sacrifice Forms   |       |     1 |       ||     1
         Sacrifice a Hand  |       |       |     1 ||     1
    Use: Potion            |       |     4 |     6 ||    10
         Scroll            |       |     3 |    12 ||    15
   Stab: Sleeping          |     2 |     3 |       ||     5
 Armour: Robe              |    38 |    56 |       ||    94
         Swamp dragon scal |       |    10 |   154 ||   164
  Dodge: Dodged            |    63 |    88 |   293 ||   444
         Repelled          |       |     2 |     3 ||     5
